 Dungeon Crawl Stone Soup version 0.17-a0-1738-g82cdc46 (webtiles) character file.

52 poirepourri the Chopper (level 3, 11/34 HPs)
             Began as a Deep Dwarf Berserker on Aug 30, 2015.
             Was a Believer of Trog.
             Quit the game on level 2 of the Dungeon.
             The game lasted 00:03:31 (1135 turns).

poirepourri the Chopper (Deep Dwarf Berserker)      Turns: 1135, Time: 00:03:31

Health: 11/34      AC:  4    Str: 21    XL:     3   Next: 60%
Magic:  3/3        EV: 13    Int:  7    God:    Trog [**....]
Gold:   103        SH:  0    Dex: 12    Spells: 0 memorised, 2 levels left

rFire  . . .     SeeInvis .     a - +0 hand axe
rCold  . . .     Clarity  .     b - +0 animal skin
rNeg   . . .     SustAt   .     (no shield)
rPois  .         Gourm    .     j - +2 hat
rElec  .         Spirit   .     (no cloak)
rCorr  .         Warding  .     (no gloves)
rMut   .         Stasis   .     (no boots)
MR     .....                    (no amulet)
Stlth  +.........               (no ring)
                                (no ring)

@: non-regenerating, not resistant to hostile enchantments, very unstealthy
A: damage resistance, recharge devices, sense surroundings 1, slow healing 3
a: Device Recharging, Burn Spellbooks, Berserk, Trog's Hand, Renounce Religion


You were on level 2 of the Dungeon.
You worshipped Trog.
Trog was pleased with you.
You were hungry.

You visited 1 branch of the dungeon, and saw 2 of its levels.

You collected 103 gold pieces.

Inventory:

Hand weapons
 a - a +0 hand axe (weapon)
Armour
 b - a +0 animal skin (worn)
 j - a +2 hat (worn)
Jewellery
 f - an uncursed ring of see invisible {unknown}
 i - a cursed -2 ring of protection
Magical devices
 c - a wand of heal wounds (8)
Potions
 e - a potion of curing {unknown}
Comestibles
 d - 2 bread rations


   Skills:
 + Level 3.3 Fighting
 + Level 3.8 Axes
 + Level 2.2 Armour
 + Level 3.0 Dodging


You had 2 spell levels left.
You didn't know any spells.

Dungeon Overview and Level Annotations

Branches:
Dungeon (2/15)

Altars:
Fedhas
Qazlal
Xom
Zin


Innate Abilities, Weirdness & Mutations

You are resistant to damage.
You can recharge devices by infusing magical energy.
You passively map a small area around you.
You do not heal naturally.


Message History

You don't know any spells.
Welcome back, poirepourri the Deep Dwarf Berserker.
Trog says: Kill them all!
Press ? for a list of commands and other information.
You now have 103 gold pieces (gained 13).
There is a stone staircase leading down here.
You see here an adder corpse.
You are no longer poisoned.
You see here an adder corpse.
You offer a prayer to Trog.
Trog is pleased with you.
You see here a goblin corpse.
You offer a prayer to Trog.
Trog is pleased with you.
You offer a prayer to Trog.
Trog is pleased with you.
Put on which piece of jewellery? (? for menu, Esc to quit)
Okay, then.
You see here a goblin corpse.
Are you sure you want to abandon this character and quit the game? (Confirm with "yes".)

......#..# #.........# *
......#.# #.........# ..
........####.........#
*#..*
........>............###...
......†....................
,
............##.#.#...._....
,
............#..#.#..#####..
##..###...##..##.†.)#...#..
...#* ##..##...#@...#A..#..
** .## #.......#.#..#...#..
* **###....†.....#####.. ,
.......#...#...._.... , , ,
* .......#....#........
.......##.....#####.. ,
.......*##.##...# .. ,
,......., ..........##. ,
....... ##.###.......,


You could see an angel (mute).

Vanquished Creatures
  An adder (D:2)
  An ooze (D:2)
  5 bats (D:1)
  6 hobgoblins
  2 jackals (D:2)
  6 kobolds (D:1)
  2 quokkas (D:2)
  2 giant cockroaches (D:2)
  2 giant newts (D:1)
  5 goblins
  5 rats
37 creatures vanquished.

Notes
Turn   | Place    | Note
--------------------------------------------------------------
     0 | D:1      | poirepourri the Deep Dwarf Berserker began the quest for the Orb.
     0 | D:1      | Reached XP level 1. HP: 20/20 MP: 1/1
   134 | D:1      | Reached XP level 2. HP: 28/28 MP: 2/2
   489 | D:1      | Acquired Trog's second power
   960 | D:2      | Found a stormy altar of Qazlal.
   965 | D:2      | Found a blossoming altar of Fedhas.
   980 | D:2      | Reached XP level 3. HP: 23/34 MP: 3/3
   998 | D:2      | Found a glowing silver altar of Zin.
   998 | D:2      | Found a shimmering altar of Xom.
   999 | D:2      | Noticed an angel
  1135 | D:2      | Quit the game

Vault maps used:
D:1:      dpeg_arrival_tiny_a, dk_noncrumbling_2
D:2:      grunt_temple_overflow_forces_of_nature,
          grunt_temple_overflow_order_and_chaos_1, old_standard_altar

Action                   || total
-------------------------++-------
Melee: Hand axe          ||   101
Evoke: Wand              ||     1
  Use: Scroll            ||     4
       Potion            ||     2
